 Dungeon Crawl Stone Soup version 0.19.4 (webtiles) character file.

223 vatarom the Shield-Bearer (level 6, -2/47 HPs)
             Began as a Formicid Fighter on Feb 3, 2017.
             Was a Believer of Cheibriados.
             Killed by divine providence
             ... invoked by an orc priest
              (8 damage)
             ... on level 5 of the Dungeon.
             The game lasted 00:05:57 (3369 turns).

vatarom the Shield-Bearer (Formicid Fighter)        Turns: 3369, Time: 00:05:57

Health: -2/47      AC: 11    Str: 32    XL:     6   Next: 20%
Magic:  5/8        EV:  7    Int: 15    God:    Cheibriados [**....]
Gold:   257        SH: 12    Dex: 16    Spells: 0 memorised, 5 levels left

rFire  . . .     SeeInvis +     a - +1 quarterstaff
rCold  . . .     Gourm    +     r - +1 chain mail of the Sturgeon {+Fly rN+ MR+ SInv} (curse)
rNeg   + . .     Faith    .     c - +0 shield
rPois  .         Spirit   .     (helmet unavailable)
rElec  .         Reflect  .     e - +0 cloak
rCorr  +         Harm     .     (no gloves)
MR     +....                    (no boots)
Stlth  ..........               h - amulet of the gourmand
                                j - +3 ring of intelligence
                                q - ring of resist corrosion

@: mighty, very slow
A: permanent stasis, dig shafts and tunnels, four strong arms, antennae 3
a: Dig, Shaft Self, Bend Time, Renounce Religion, Evoke Flight


You were on level 5 of the Dungeon.
You worshipped Cheibriados.
Cheibriados was pleased with you.
You were completely stuffed.

You visited 1 branch of the dungeon, and saw 5 of its levels.

You collected 257 gold pieces.

Inventory:

Hand Weapons
 a - a +1 quarterstaff (weapon)
Armour
 c - a +0 shield (worn)
 e - a +0 cloak (worn)
 r - the cursed +1 chain mail of the Sturgeon (worn) {+Fly rN+ MR+ SInv}
   (You found it on level 4 of the Dungeon)

   It protects you from negative energy.
   It affects your resistance to hostile enchantments.
   It lets you see invisible.
   It lets you fly.
   It has a curse placed upon it.
Jewellery
 h - an amulet of the gourmand (around neck)
 j - a +3 ring of intelligence (right hand)
 q - a ring of resist corrosion (left hand)
Wands
 g - a wand of acid (1/15)
Scrolls
 b - a scroll of magic mapping
 f - 2 scrolls of identify
 k - 3 scrolls of remove curse
 l - a scroll of teleportation
Comestibles
 i - 5 meat rations
 m - 2 bread rations
 n - 2 beef jerkies
 o - a chunk of flesh
 p - a slice of pizza


   Skills:
 - Level 3.2 Fighting
 - Level 2.8 Staves
 - Level 3.7 Armour
 * Level 6.1 Shields
 * Level 3.1 Invocations


You had 5 spell levels left.
You didn't know any spells.

Dungeon Overview and Level Annotations

Branches:
Dungeon (5/15)
 Temple: D:4-7

Altars:
Cheibriados
Kikubaaqudgha
Uskayaw
Zin

Shops:
D:4 :   D:5 }


Innate Abilities, Weirdness & Mutations

You are under a permanent stasis effect.
You can dig through walls and to a lower floor.
Your four strong arms can wield two-handed weapons with a shield.
You have a pair of large antennae on your head. (SInv)


Message History

You kill the orc!
Cheibriados thoroughly appreciates the change of pace.
The orc throws a tomahawk.
The tomahawk hits you.
* * * LOW HITPOINT WARNING * * *
You hit the orc wizard but do no damage.
The orc wizard is heavily wounded.
You block the orc wizard's attack.
You closely miss the orc wizard.
The orc wizard is heavily wounded.
The orc priest invokes the aid of Beogh against you.
Beogh smites you!
* * * LOW HITPOINT WARNING * * *
The orc wizard barely misses you.
You feel very mighty all of a sudden. You block the orc wizard's attack.
You hit the orc wizard.
The orc wizard is almost dead.
The orc priest mumbles some strange prayers to Beogh against you.
Beogh smites you!
You die...

### ..# # #.. %.. #. #.#
..## #.####.# o..
#...##.# o.
##########.##.# .#
...........##.####o######
##########......@oo.....#
# #.##.#.##.####.# #
#.##..#.#.# # ...#.###...
# ..#....#.#...
########....###.# ####
...........## #.#
.........## #.# .########
##.##


You could see an orc priest, an orc wizard and an orc.

Vanquished Creatures
  A centaur skeleton (D:5)
  An iguana (D:4)
  2 worker ants
  A gnoll (D:1)
  3 adders
  2 oozes
  A dart slug (D:2)
  2 leopard geckos
  An orc (D:5)
  3 bats
  7 giant cockroaches
  11 goblins
  6 hobgoblins
  4 jackals (D:1)
  9 kobolds
  3 quokkas
  A ball python (D:1)
  3 frilled lizards
  6 rats
67 creatures vanquished.

Notes
Turn   | Place    | Note
-------+----------+-------------------------------------------
     0 | D:1      | vatarom the Formicid Fighter began the quest for the Orb.
     0 | D:1      | Reached XP level 1. HP: 18/18 MP: 1/1
    65 | D:1      | Reached skill level 4 in Shields
    83 | D:1      | Reached XP level 2. HP: 20/24 MP: 2/2
   147 | D:1      | Reached XP level 3. HP: 16/29 MP: 3/3
   439 | D:1      | Found a snail-covered altar of Cheibriados.
   511 | D:1      | Became a worshipper of Cheibriados the Contemplative
  1149 | D:2      | Found a hide-covered altar of Uskayaw.
  1223 | D:2      | Reached * piety under Cheibriados
  1487 | D:2      | Found an ancient bone altar of Kikubaaqudgha.
  1504 | D:2      | Reached skill level 5 in Shields
  1504 | D:2      | Reached XP level 4. HP: 20/35 MP: 4/4
  1663 | D:2      | Found a glowing silver altar of Zin.
  1663 | D:2      | Found a faded altar of an unknown god.
  1668 | D:2      | Found a faded altar of an unknown god.
  1670 | D:2      | Found a faded altar of an unknown god.
  1672 | D:2      | Found a faded altar of an unknown god.
  1940 | D:3      | Reached ** piety under Cheibriados
  2140 | D:3      | Reached skill level 1 in Invocations
  2140 | D:3      | Reached XP level 5. HP: 41/41 MP: 5/5
  2446 | D:4      | Got an encrusted chain mail
  2447 | D:4      | Identified the cursed +1 chain mail of the Sturgeon {+Fly rN+ MR+ SInv} (You found it on level 4 of the Dungeon)
  2518 | D:4      | Found Wudwust's Book Emporium.
  3051 | D:5      | Entered Level 5 of the Dungeon
  3145 | D:5      | Reached skill level 6 in Shields
  3145 | D:5      | Reached XP level 6. HP: 46/47 MP: 6/8
  3185 | D:5      | Found Duus's Gadget Emporium.
  3369 | D:5      | Killed from afar by an orc priest

Skill      XL: |  1  2  3  4  5  6 |
---------------+-------------------+-----
Shields        | 4 5 6 |  6.1
Invocations    | 1 2 3 |  3.1
Fighting       | |  3.2
Staves         | |  2.8
Armour         | |  3.7

Action                   |  1- 3 |  4- 6 || total
-------------------------+-------+-------++-------
Melee: Quarterstaff      |   125 |    98 ||   223
Invok: Bend Time         |       |     1 ||     1
Evoke: Wand              |     1 |       ||     1
  Use: Scroll            |     3 |     4 ||     7
       Potion            |     1 |     2 ||     3
  Eat: Chunk             |    10 |     4 ||    14
       Bread ration      |     1 |       ||     1
Armor: Scale mail        |    50 |    23 ||    73
       Chain mail        |       |     5 ||     5
Dodge: Dodged            |    45 |    22 ||    67
Block: Shield            |    66 |    55 ||   121
